 Dungeon Crawl Stone Soup version 0.23-a0-335-gba3dfdf (webtiles) character file.

102 Garbasso the Caller (level 4, 44/44 HPs)
             Began as an Ogre Summoner on Oct 17, 2018.
             Was a Follower of Kikubaaqudgha.
             Quit the game on level 2 of the Dungeon.
             The game lasted 00:15:00 (3131 turns).

Garbasso the Caller (Ogre Summoner)                 Turns: 3131, Time: 00:15:01

Health: 44/44      AC:  3    Str: 12    XL:     4   Next: 77%
Magic:  9/9        EV: 10    Int: 17    God:    Kikubaaqudgha [*.....]
Gold:   86         SH:  0    Dex:  9    Spells: 6/9 levels left

rFire    . . .     SeeInvis .   b - +2 dagger (speed)
rCold    . . .     Gourm    .   (no shield)
rNeg     . . .     Faith    .   a - +0 robe
rPois    .         Spirit   .   (helmet restricted)
rElec    .         Reflect  .   (no cloak)
rCorr    .         Harm     .   (gloves unavailable)
MR       .....                  (boots unavailable)
Stlth    +.........             (no amulet)
HPRegen  0.14/turn              (no ring)
MPRegen  0.11/turn              (no ring)

@: no status effects
A: large, unfitting armour, tough skin 1
a: Receive Corpses, Renounce Religion


You were on level 2 of the Dungeon.
You worshipped Kikubaaqudgha.
Kikubaaqudgha was aware of your devotion.
You were not hungry.

You visited 1 branch of the dungeon, and saw 2 of its levels.

You collected 86 gold pieces.

Inventory:

Hand Weapons
 b - a +2 dagger of speed (weapon)
Missiles
 d - 80 stones (quivered)
Armour
 a - a +0 robe (worn)
Wands
 l - a wand of polymorph (12)
Scrolls
 f - a scroll of teleportation {unknown}
 g - a scroll of remove curse {unknown}
 h - a scroll of identify {unknown}
 i - a scroll of enchant weapon {unknown}
 j - a scroll of fog {unknown}
Potions
 e - a potion of magic {unknown}
 k - a potion of lignification {unknown}
Comestibles
 c - 4 rations


   Skills:
 + Level 2.6 Fighting
 - Level 1.7 Dodging
 - Level 1.4 Stealth
 + Level 3.3 Spellcasting
 * Level 4.6 Summonings


You had 6 spell levels left.
You knew the following spells:

 Your Spells              Type           Power        Failure   Level  Hunger
a - Summon Small Mammal   Summ           ###.         2%          1    None
b - Call Imp              Summ           ###.....     3%          2    ##.....

Your spell library contained the following spells:

 Spells                   Type           Power        Failure   Level  Hunger
 Call Canine Familiar     Summ           ###.....     8%          3    ###....
 Animate Skeleton         Necr           N/A          17%         1    None
 Pain                     Necr           #...         17%         1    None
 Summon Guardian Golem    Hex/Summ       ##......     21%         3    ###....
 Sublimation of Blood     Necr           #.........   26%         2    ##.....
 Vampiric Draining        Necr           #.........   45%         3    ###....
 Summon Ice Beast         Ice/Summ       ##......     54%         4    ####...
 Summon Lightning Spire   Summ/Air       ##......     54%         4    ####...


Dungeon Overview and Level Annotations

Branches:
Dungeon (2/15)

Altars:
Kikubaaqudgha


Innate Abilities, Weirdness & Mutations

You are too large for most types of armour.
You have tough skin. (AC +1)


Message History

Found a hand axe.
l - a wand of polymorph (12)
You see here a hand axe.
Eating a chunk of flesh.
You eat the chunk of flesh.
This raw flesh tastes terrible.
You see here a +0 dagger.
Found a faded altar of an unknown god.
i - a scroll labeled VUSEHE XOSIT
There is a faded altar of an unknown god here.
You cannot tell which god this altar belongs to.
Convert to them anyway?
Kikubaaqudgha accepts your prayer! Kikubaaqudgha welcomes you!
You can now receive cadavers from Kikubaaqudgha.
You see here Kikubaaqudgha's Disquisition on Evil.
Kikubaaqudgha grants you a gift!
You pick up Kikubaaqudgha's Disquisition on Evil and begin reading...
You add the spells Animate Skeleton, Pain, Sublimation of Blood and Vampiric
d - 80 stones (gained 22)
Okay, then.
Are you sure you want to abandon this character and quit the game? (Confirm

#........# #..# ## #.######.#
#..# #.# #.# #########..# #.#
#.###..........# #.#
#..............# #.#
#####.########## #.# #.# #####
#.# #.###..8### #.# ###@.._...#
#.# ####.......# #.#
#.##♣...P..# #.#
###.#####.########+####
#.#######..5#...............P..
###.........#####♣.PPP...P.P...#
...########...#.#####.....♣#####
.#..........5.#.#.# ###..## #.#
..[##########...#.#####..## #.#


There were no monsters in sight!

Vanquished Creatures
  An orc wizard (D:2)
  2 leopard geckos
  A ball python (D:2)
  4 bats
  3 hobgoblins (D:1)
  5 jackals
  4 kobolds
  7 frilled lizards
  2 rats (D:1)
29 creatures vanquished.

Vanquished Creatures (collateral kills)
  An orc wizard (D:2)
  3 adders (D:2)
  2 dart slugs (D:1)
  A leopard gecko (D:1)
  An orc (D:2)
  2 bats
  2 giant cockroaches (D:1)
  2 goblins
  10 hobgoblins
  2 jackals
  3 kobolds
  6 frilled lizards (D:1)
  5 rats
40 creatures vanquished.

Grand Total: 69 creatures vanquished

Notes
Turn   | Place    | Note
-------+----------+-------------------------------------------
     0 | D:1      | Garbasso the Ogre Summoner began the quest for the Orb.
     0 | D:1      | Reached XP level 1. HP: 16/16 MP: 3/3
   932 | D:1      | Reached XP level 2. HP: 16/26 MP: 1/5
  1054 | D:1      | Learned a level 2 spell: Call Imp
  1090 | D:1      | Reached skill level 1 in Fighting
  1189 | D:1      | Reached skill level 4 in Summonings
  1369 | D:1      | Reached XP level 3. HP: 29/33 MP: 4/7
  2445 | D:2      | Reached XP level 4. HP: 37/42 MP: 8/8
  3118 | D:2      | Found a faded altar of an unknown god.
  3125 | D:2      | Became a worshipper of Kikubaaqudgha
  3125 | D:2      | Reached * piety under Kikubaaqudgha
  3125 | D:2      | Identified Kikubaaqudgha's Disquisition on Evil
                  | (Kikubaaqudgha gifted it to you on level 2 of the Dungeon)
  3125 | D:2      | Received a gift from Kikubaaqudgha
  3131 | D:2      | Quit the game

Vault maps used:
D:1:      lightli_arrival_boilingwater, minmay_lizard_king
D:2:      chequers_ecumenical_altar_lobes

Skill      XL: |  1  2  3 |
---------------+----------+-----
Fighting       | 1 2 |  2.6
Summonings     | 4 |  4.6
Spellcasting   | 3 |  3.3
Dodging        | |  1.7
Stealth        | |  1.4

Action                   |  1- 3 |  4- 6 || total
-------------------------+-------+-------++-------
Melee: Unarmed           |    33 |       ||    33
       Dagger            |   104 |    30 ||   134
Throw: Stone             |     6 |     4 ||    10
 Cast: Summon Small Mamm |    28 |     1 ||    29
       Call Imp          |    17 |    12 ||    29
 Stab: Distracted        |     1 |       ||     1
       Sleeping          |     1 |       ||     1
  Eat: Chunk             |     6 |     3 ||     9
Armor: Robe              |    35 |     9 ||    44
Dodge: Dodged            |    61 |    10 ||    71

Table legend:
 A = Non-vault XP
 B = Vault XP
 C = Vault XP percentage of total XP
 D = Non-vault monster count
 E = Vault monster count
 F = Vault count percentage of total count
                 A         B        C        D         E       F
            +---------+---------+-------+---------+---------+-------
      Total |     135 |      11 |   7.5 |      59 |      10 |  14.5
            +---------+---------+-------+---------+---------+-------
        D:1 |      48 |      11 |  18.6 |      34 |      10 |  22.7
        D:2 |      87 |       0 |   0.0 |      25 |       0 |   0.0
            +---------+---------+-------+---------+---------+-------
